 Dungeon Crawl Stone Soup version 0.21-a0-442-g848f44b (webtiles) character file.

30 vishdafish the Charmwright (level 3, -7/27 HPs)
             Began as a Demonspawn Skald on Nov 12, 2017.
             Mangled by an ogre
             ... wielding a +0 giant club
              (22 damage)
             ... on level 2 of the Dungeon.
             The game lasted 00:02:18 (1720 turns).

vishdafish the Charmwright (Demonspawn Skald)       Turns: 1720, Time: 00:02:19

Health: -7/27      AC:  3    Str: 11    XL:     3   Next: 3%
Magic:  0/6        EV: 15    Int: 15    God:
Gold:   113        SH:  0    Dex: 12    Spells: 5/6 levels left

rFire    . . .     SeeInvis .   a - +0 hand axe
rCold    . . .     Gourm    .   (no shield)
rNeg     . . .     Faith    .   b - +0 leather armour
rPois    .         Spirit   .   (no helmet)
rElec    .         Reflect  .   (no cloak)
rCorr    .         Harm     .   (no gloves)
MR       .....                  (no boots)
Stlth    +.........             (no amulet)
HPRegen  0.09/turn              (no ring)
MPRegen  0.10/turn              (no ring)

@: infused
A: claws 1, repulsion field 2, no potion heal 1
a: no special abilities


You were on level 2 of the Dungeon.
You were near starving.

You visited 1 branch of the dungeon, and saw 2 of its levels.

You collected 113 gold pieces.

Inventory:

Hand Weapons
 a - a +0 hand axe (weapon)
Armour
 b - a +0 leather armour (worn)
Scrolls
 e - 2 scrolls of recharging {unknown}
 f - a scroll of magic mapping {unknown}
 g - 2 scrolls of identify {unknown}
 h - a scroll of amnesia {unknown}
 i - a scroll of teleportation {unknown}
 j - 2 scrolls of remove curse {unknown}
 k - a scroll of noise {unknown}
Books
 c - a book of Battle

   Spells                             Type                      Level
   a - Infusion                       Charms                       1
   b - Shroud of Golubria             Charms/Translocation         2
   c - Song of Slaying                Charms                       2
   d - Spectral Weapon                Hexes/Charms                 3
   e - Regeneration                   Charms/Necromancy            3
Comestibles
 d - a bread ration


   Skills:
 - Level 2.0 Fighting
 * Level 2.3 Axes
 + Level 1.3 Armour
 + Level 2.0 Dodging
 + Level 2.0 Spellcasting
 - Level 3.1 Charms


You had 5 spell levels left.
You knew the following spells:

 Your Spells              Type           Power        Failure   Level  Hunger
a - Infusion              Chrm           ##..         8%          1    #......


Dungeon Overview and Level Annotations

Branches:
Dungeon (2/15)

Altars:


Innate Abilities, Weirdness & Mutations

You are surrounded by a moderate repulsion field. (EV +3)
You have sharp fingernails.
Potions are less effective at restoring your health.


Message History

The ogre is moderately wounded.
You closely miss the frilled lizard. You hit the goblin.
You kill the goblin!
You have reached level 3!
Your experience leads to an increase in your attributes!
Increase (S)trength, (I)ntelligence, or (D)exterity?
You feel clever.
You are near starving!
The ogre misses you. The frilled lizard misses you.
You barely miss the ogre.
The ogre is moderately wounded.
You hit the frilled lizard.
You kill the frilled lizard!
The ogre hits you with a giant club!
You hit the ogre.
The ogre is heavily wounded.
You hit the hobgoblin. The hobgoblin barely misses you.
The ogre hits you with a giant club!!
Ouch! That really hurt!
You die...

#..# ##.# #.# #g##
#.# #l.# #.#
##.###.# #.O##.#
##.##.# #..#)#
#######.#@#
........gO#
....####..#
###+####..#
#.........#
#.........#
#.........##
#..........#
#########.#####..#


You could see an ogre and a hobgoblin.

Vanquished Creatures
  An adder (D:2)
  A giant cockroach (D:2)
  A hobgoblin (D:2)
  A quokka (D:2)
  2 bats
  11 frilled lizards
  2 goblins (D:2)
  4 kobolds
  A rat (D:2)
24 creatures vanquished.

Notes
Turn   | Place    | Note
-------+----------+-------------------------------------------
     0 | D:1      | vishdafish the Demonspawn Skald began the quest for the Orb.
     0 | D:1      | Reached XP level 1. HP: 16/16 MP: 3/3
   318 | D:1      | Reached skill level 1 in Armour
   334 | D:1      | Gained mutation: You are surrounded by a mild repulsion field. (EV +2) [demonic ancestry]
   334 | D:1      | Reached XP level 2. HP: 9/22 MP: 5/5
  1021 | D:2      | Reached skill level 3 in Charms
  1029 | D:2      | Gained mutation: You have sharp fingernails. [potion of mutation]
  1029 | D:2      | Gained mutation: Potions are less effective at restoring your health. [potion of mutation]
  1029 | D:2      | Gained mutation: You are surrounded by a moderate repulsion field. (EV +3) [potion of mutation]
  1660 | D:2      | Noticed an ogre
  1718 | D:2      | Reached XP level 3. HP: 22/27 MP: 3/6
  1720 | D:2      | Mangled by an ogre

Vault maps used:
D:1:      dpeg_arrival_windows_large_door, minmay_lizard_pond
D:2:      overflow_temple_1_default, lemuel_round_altar,
          overflow_temple_1_default, minmay_cupped

Skill      XL: |  1  2 |
---------------+-------+-----
Axes           | 2 |  2.3
Armour         | 1 |  1.3
Charms         | 3 |  3.1
Dodging        | 2 |  2.0
Fighting       | |  2.0
Spellcasting   | |  2.0

Action                   || total
-------------------------++-------
Melee: Hand axe          ||    77
 Cast: Infusion          ||     2
  Use: Potion            ||     1
  Eat: Chunk             ||     1
Armor: Leather armour    ||    22
Dodge: Dodged            ||    60

Table legend:
 A = Spawn XP
 B = Non-spawn XP
 C = Spawn XP percentage of total XP
 D = Spawn monster count
 E = Non-spawn monster count
 F = Spawn count percentage of total count
 G = Total turns spent on level
                    A         B        C        D         E        F      G
               +---------+---------+-------+---------+---------+-------+---------
         Total |       0 |      43 |   0.0 |       0 |      24 |   0.0 |  1720
               +---------+---------+-------+---------+---------+-------+---------
           D:1 |       0 |      14 |   0.0 |       0 |      13 |   0.0 |   963
           D:2 |       0 |      29 |   0.0 |       0 |      11 |   0.0 |   757
               +---------+---------+-------+---------+---------+-------+---------
